 Dungeon Sprint DCSS version 0.31-a0-4-gefa6de2278 (webtiles) character file.

Game seed: 16172881646224538187

687 123456 the Warrior (level 10, -1/108 HPs)
             Began as a Minotaur Fighter on May 4, 2023.
             Was an Initiate of Gozag.
             Slain by a polar bear (5 damage)
             ... while petrified by a catoblepas
             ... in the Dungeon (Sprint VI: "Thunderdome").
             The game lasted 00:06:07 (1322 turns).

123456 the Warrior (Minotaur Fighter)               Turns: 1322, Time: 00:06:08

Health: -1/108     AC: 11    Str: 31    XL:     10   Next: 15%
Magic:  9/9        EV:  2    Int:  7    God:    Gozag
Gold:   1754       SH:  0    Dex: 18    Spells: 9/9 levels left

rFire   . . .        a - +0 flail (freeze)
rCold   + + .        c - +0 buckler
rNeg    + + +        b - +0 scale mail
rPois   ∞            (helmet restricted)
rElec   .            (no cloak)
rCorr   +            q - +1 pair of gloves of Ruw Anot {-Tele rPois Dex+5}
SInv    .            (no boots)
Will    +....        o - amulet of Seolipro {Reflect rC+ Will+ rCorr Str+3 Dex+3 SH+5} Stlth
                     t - ring of Hyeniv {rC+ Str+3 Int+2}
HPRegen 0.38/turn    (no ring)
MPRegen 0.11/turn

%: no teleportation, reflection
@: petrified
A: horns 2, retaliatory headbutt
}: 1/15 runes: decaying
a: Renounce Religion, Potion Petition, Call Merchant, Bribe Branch


You were in the Dungeon.
You worshipped Gozag.
Gozag was most pleased with you.
You visited 1 branch You collected 2986 gold pieces.
You spent 1232 gold pieces at shops.

Inventory:

Hand Weapons
 a - a +0 flail of freezing (weapon)
Armour
 b - a +0 scale mail (worn)
 c - a +0 buckler (worn)
 q - the +1 pair of gloves of Ruw Anot (worn) {-Tele rPois Dex+5}
   (You bought it in a shop in the Dungeon)

   Dex:       It affects your dexterity (+5).
   rPois:     It protects you from poison.
   -Tele:     It prevents most forms of teleportation.
Magical Staves
 z - a staff of fire
Jewellery
 o - the amulet of Seolipro (around neck) {Reflect rC+ Will+ rCorr Str+3 Dex+3 SH+5}
   (You bought it in a shop in the Dungeon)

   [amulet of reflection]

   It reflects blocked missile attacks.
   Str:       It affects your strength (+3).
   Dex:       It affects your dexterity (+3).
   rC:        It protects you from cold.
   rCorr:     It protects you from acid and corrosion.
   SH:        It affects your SH (+5).
   Will:      It increases your willpower.
 r - the amulet of Suspected Treachery {Faith Fly Dex+7 Stlth-}
   (You bought it in a shop in the Dungeon)

   [amulet of faith]

   It allows you to gain divine favour quickly.
   Dex:       It affects your dexterity (+7).
   Fly:       It grants you flight.
   Stlth:     It makes you less stealthy.
 s - the ring of Fostriros {rPois Int+3 Dex+2}
   (You bought it in a shop in the Dungeon)

   [ring of poison resistance]

   Int:       It affects your intelligence (+3).
   Dex:       It affects your dexterity (+2).
   rPois:     It protects you from poison.
 t - the ring of Hyeniv (left hand) {rC+ Str+3 Int+2}
   (You bought it in a shop in the Dungeon)

   [ring of protection from cold]

   Str:       It affects your strength (+3).
   Int:       It affects your intelligence (+2).
   rC:        It protects you from cold.
 u - the ring of Okawaru's Respect {MP+9 Int+3 SInv}
   (You bought it in a shop in the Dungeon)

   [ring of magical power]

   Int:       It affects your intelligence (+3).
   MP:        It affects your magic capacity (+9).
   SInv:      It lets you see invisible.
 v - the ring "Dideacs" {Contam rC+++ rCorr Str-5 Stlth+}
   (You bought it in a shop in the Dungeon)

   [ring of resist corrosion]

   Str:       It affects your strength (-5).
   rC:        It renders you almost immune to cold.
   Contam:    It causes magical contamination when unequipped.
   rCorr:     It protects you from acid and corrosion.
   Stlth:     It makes you more stealthy.
 w - the ring of Fun {rF+ rN+++ rCorr Str-4}
   (You bought it in a shop in the Dungeon)

   [ring of protection from fire]

   Str:       It affects your strength (-4).
   rF:        It protects you from fire.
   rN:        It renders you almost immune to negative energy.
   rCorr:     It protects you from acid and corrosion.
 x - the ring of Tusiquy {+Blink MP+9}
   (You bought it in a shop in the Dungeon)

   [ring of magical power]

   MP:        It affects your magic capacity (+9).
   +Blink:    It lets you blink.
 y - the ring "Dekhlis" {Ice rElec rPois rN+ Str-4}
   (You bought it in a shop in the Dungeon)

   [ring of ice]

   It enhances your ice magic.
   Str:       It affects your strength (-4).
   rF:        It makes you vulnerable to fire.
   rC:        It protects you from cold.
   rElec:     It insulates you from electricity.
   rPois:     It protects you from poison.
   rN:        It protects you from negative energy.
Wands
 l - a wand of acid (5)
 m - a wand of iceblast (4)
Scrolls
 j - 4 scrolls of blinking
 n - 3 scrolls of fog
Potions
 d - a potion of might
 e - a potion of curing
 f - 4 potions of heal wounds
 g - 4 potions of haste
 h - 2 potions of magic
 i - a potion of berserk rage
 k - a potion of resistance


   Skills:
 * Level 16.3 Fighting
 * Level 16.1 Maces & Flails
 + Level 12.0 Armour
 + Level 10.4 Dodging
 - Level 3.6 Shields


You had 9 spell levels left.
You didn't know any spells.
Your spell library was empty.

Dungeon Overview and Level Annotations

Branches:
Dungeon (1/1)

Altars:
Cheibriados
Dithmenos
Fedhas
Gozag
Kikubaaqudgha
Makhleb
Okawaru
Qazlal
Ru
Sif Muna
Trog
Uskayaw
Vehumet
Wu Jian
Xom
Yredelemnul
Zin
The Shining One
Lugonu

Shops:
D *[??*?*:[((!!!!


Innate Abilities, Weirdness & Mutations

You have a pair of horns on your head.
You reflexively headbutt those who attack you in melee.


Message History

The polar bear claws you but does no damage.
The polar bear claws you. The water moccasin barely misses you.
The bullfrog hits you but does no damage.
The water moccasin bites you but does no damage.
The catoblepas gores you.
The polar bear bites you but does no damage.
The polar bear claws you but does no damage. x2
The steam dragon bites you.
The steam dragon claws you but does no damage.
The bullfrog hits you but does no damage.
The bullfrog hits you but does no damage.
The water moccasin bites you but does no damage.
The steam dragon bites you but does no damage.
The steam dragon claws you but does no damage.
The polar bear bites you! The polar bear claws you.
The polar bear claws you but does no damage.
The catoblepas gores you.
The bullfrog hits you but does no damage.
The water moccasin bites you. The steam dragon bites you.
The steam dragon claws you but does no damage.
The catoblepas gores you!!
* * * LOW HITPOINT WARNING * * *
The polar bear bites you!
* * * LOW HITPOINT WARNING * * *
The polar bear claws you.
* * * LOW HITPOINT WARNING * * *
The polar bear claws you. The bullfrog hits you.
* * * LOW HITPOINT WARNING * * *
The water moccasin bites you.
The bullfrog hits you but does no damage.
The water moccasin bites you but does no damage.
The steam dragon barely misses you.
The steam dragon claws you but does no damage.
The catoblepas breathes a plume of calcifying dust at you.
The blast of calcifying dust hits you!
* * * LOW HITPOINT WARNING * * *
The polar bear bites you!
You die...
Your body crumbles into a pile of gold.

##⌠⌠⌠## #.....# ##.....##
##∩.....∩## #∩.......∩#
#_......._# #_......._#
#...F.....# ###...Y@§§..###
#⌠....ShD....⌠#
######.8.....[...8.######
##.__.....[.###.......__∩##
###∩........8.# #.8........∩###
##.............###.............##
#⌠.h........###...###..........⌠#
#⌠..........# #.<.# #..........⌠#
#⌠..........###...###..........⌠#


You could see a catoblepas, a polar bear, a steam dragon, a water moccasin and a
bullfrog.

Vanquished Creatures
  A wizard (D)
  A sun demon (D)
  A polar bear (D)
  Sigmund (D)
  2 fire bats (D)
  A fire elemental (D)
  A basilisk (D)
  3 hell hounds (D)
  8 dwarves (D)
  A phantom (D)
  A necrophage (D)
  5 vampire bats (D)
  3 jellies (D)
  An adder (D)
  A bat skeleton (D)
  A bat zombie (D)
  3 endoplasms (D)
  A hobgoblin (D)
  A rat (D)
37 creatures vanquished.

Notes
Turn   | Place    | Note
-------+----------+-------------------------------------------
     0 | D        | 123456 the Minotaur Fighter began the quest for the Orb.
     0 | D        | Reached XP level 1. HP: 19/19 MP: 0/0
     5 | D        | Found a shadowy altar of Dithmenos.
     5 | D        | Found a shimmering altar of Xom.
     5 | D        | Round 1.
     6 | D        | Found a basalt altar of Yredelemnul.
     6 | D        | Found a stormy altar of Qazlal.
     7 | D        | Found a bloodstained altar of Trog.
     7 | D        | Found Cugeikk's Magic Scroll Shop.
     7 | D        | Found Gidotim's Staff Store.
     8 | D        | Found Xes Mior's Magic Scroll Shop.
     8 | D        | Found Nerap's Must-Have Magic.
    17 | D        | Bought a scroll of brand weapon for 95 gold pieces
    22 | D        | Found a corrupted altar of Lugonu.
    23 | D        | Found an ancient bone altar of Kikubaaqudgha.
    24 | D        | Found Qytacvit's Distillery.
    26 | D        | Found a snail-covered altar of Cheibriados.
    26 | D        | Found a glowing golden altar of the Shining One.
    26 | D        | Found Rowail's Do-It-Yourself Clinic.
    27 | D        | Found Iwuops's Distillery.
    27 | D        | Found Rynwu's Bottled Wisdom.
    30 | D        | Found a glowing silver altar of Zin.
    31 | D        | Found a sacrificial altar of Ru.
    32 | D        | Found an opulent altar of Gozag.
    33 | D        | Found Degoom's Weapon Rack.
    34 | D        | Found Vullac's Basic Armour.
    34 | D        | Found Xeomnaja's Miscellaneous Merchandise.
    35 | D        | Found a burning altar of Makhleb.
    35 | D        | Found an ornate altar of the Wu Jian Council.
    35 | D        | Found a hide-covered altar of Uskayaw.
    35 | D        | Found Teenaet's Premium Goods.
    42 | D        | Became a worshipper of Gozag Ym Sagoz the Greedy
    54 | D        | Found a blossoming altar of Fedhas.
    56 | D        | Found a shimmering blue altar of Sif Muna.
    58 | D        | Found a radiant altar of Vehumet.
    58 | D        | Found Liorriym's Identification Station.
    58 | D        | Found Efulann's Advanced Armour.
    59 | D        | Found Husehyb's Jewellery.
    60 | D        | Found an iron altar of Okawaru.
    69 | D        | Reached skill level 1 in Dodging
    69 | D        | Reached XP level 2. HP: 21/28 MP: 1/1
    86 | D        | Bought a heavily runed lead amulet for 45 gold pieces
    86 | D        | Identified the amulet of Seolipro {Reflect rC+ Will+ rCorr
                  | Str+3 Dex+3 SH+5} (You bought it in a shop in the Dungeon)
   107 | D        | Noticed Sigmund
   114 | D        | Killed Sigmund
   115 | D        | Reached XP level 3. HP: 30/40 MP: 2/2
   115 | D        | Reached XP level 4. HP: 36/48 MP: 3/3
   115 | D        | Reached XP level 5. HP: 40/53 MP: 4/4
   146 | D        | Arena points: 5 (+5) [x1]
   161 | D        | Round 2.
   194 | D        | Reached skill level 5 in Dodging
   227 | D        | Reached XP level 6. HP: 60/63 MP: 5/5
   291 | D        | Arena points: 33 (+28) [x2]
   295 | D        | Bought a quad damage for 400 gold pieces
   336 | D        | Round 3.
   371 | D        | Reached skill level 10 in Fighting
   414 | D        | Reached skill level 10 in Maces & Flails
   447 | D        | Bought a pair of faintly humming gloves for 332 gold pieces
   447 | D        | Identified the +1 pair of gloves of Ruw Anot {-Tele rPois
                  | Dex+5} (You bought it in a shop in the Dungeon)
   462 | D        | Arena points: 51 (+18) [x1]
   477 | D        | Round 4.
   495 | D        | Reached XP level 7. HP: 74/74 MP: 6/6
   519 | D        | Bought a flickering golden amulet for 45 gold pieces
   519 | D        | Identified the amulet of Suspected Treachery {Faith Fly
                  | Dex+7 Stlth-} (You bought it in a shop in the Dungeon)
   519 | D        | Bought a clouded iron ring for 45 gold pieces
   519 | D        | Identified the ring of Fostriros {rPois Int+3 Dex+2} (You
                  | bought it in a shop in the Dungeon)
   519 | D        | Bought a brightly glowing jade ring for 45 gold pieces
   519 | D        | Identified the ring of Hyeniv {rC+ Str+3 Int+2} (You bought
                  | it in a shop in the Dungeon)
   519 | D        | Bought a vibrating golden ring for 45 gold pieces
   519 | D        | Identified the ring of Okawaru's Respect {MP+9 Int+3 SInv}
                  | (You bought it in a shop in the Dungeon)
   519 | D        | Bought a twitching silver ring for 45 gold pieces
   519 | D        | Identified the ring "Dideacs" {Contam rC+++ rCorr Str-5
                  | Stlth+} (You bought it in a shop in the Dungeon)
   520 | D        | Bought a fine bone ring for 45 gold pieces
   520 | D        | Identified the ring of Fun {rF+ rN+++ rCorr Str-4} (You
                  | bought it in a shop in the Dungeon)
   520 | D        | Bought a fine platinum ring for 45 gold pieces
   520 | D        | Identified the ring of Tusiquy {+Blink MP+9} (You bought it
                  | in a shop in the Dungeon)
   520 | D        | Bought a scorched lead ring for 45 gold pieces
   520 | D        | Identified the ring "Dekhlis" {Ice rElec rPois rN+ Str-4}
                  | (You bought it in a shop in the Dungeon)
   568 | D        | Arena points: 71 (+20) [x1]
   583 | D        | Round 5.
   588 | D        | Noticed a witch
   617 | D        | Killed a witch
   617 | D        | Arena points: 191 (+120) [x3]
   618 | D        | Reached XP level 8. HP: 74/85 MP: 7/7
   618 | D        | Got a decaying rune of Zot
   622 | D        | Reached skill level 10 in Armour
   622 | D        | Reached XP level 9. HP: 84/94 MP: 8/8
   783 | D        | Round 6.
   942 | D        | Arena points: 407 (+216) [x4]
   972 | D        | Round 7.
  1022 | D        | Reached skill level 15 in Fighting
  1025 | D        | Reached skill level 15 in Maces & Flails
  1045 | D        | Noticed a sun demon
  1054 | D        | Killed a sun demon
  1055 | D        | Reached skill level 10 in Dodging
  1118 | D        | Reached XP level 10. HP: 27/107 MP: 9/9
  1126 | D        | Arena points: 687 (+280) [x5]
  1172 | D        | Round 8.
  1299 | D        | Noticed a catoblepas
  1322 | D        | HP: 4/108 [catoblepas/blast of calcifying dust (6)]
  1322 | D        | Slain by a polar bear

Illustrated notes

Levels and vault maps discovered:
D:        arena_sprint

Skill      XL: |  1  2  3  4  5  6  7  8  9 10 |
---------------+-------------------------------+-----
Fighting       | 4 8 9 11 12 13 15 16 | 16.3
Maces & Flails | 3 7 9 10 12 13 15 16 | 16.1
Armour         | 4 6 7 8 9 10 11 12 | 12.0
Dodging        | 1 4 5 6 7 8 10 | 10.4
Shields        | |  3.6

Action                     |  1- 3 |  4- 6 |  7- 9 | 10-12 || total
---------------------------+-------+-------+-------+-------++-------
  Melee: Flail             |    10 |    24 |    67 |    12 ||   113
         Headbutt          |     4 |     4 |     9 |     5 ||    22
  Evoke: Wand              |       |       |     1 |       ||     1
         Quad damage       |       |       |     1 |       ||     1
    Use: Scroll            |     1 |       |       |       ||     1
         Potion            |       |       |     1 |       ||     1
   Stab: Confused          |       |       |     5 |       ||     5
 Armour: Scale mail        |     2 |     6 |    13 |    39 ||    60
  Dodge: Dodged            |     5 |    11 |    20 |     7 ||    43
  Block: Buckler           |     5 |     7 |    13 |     6 ||    31

Table legend: (Time is in decaauts)
 A = Elapsed time spent in this place.
 B = Non-inter-level travel time spent in this place.
 C = Inter-level travel time spent in this place.
 D = Time resting spent in this place.
 E = Time spent auto-exploring this place.
 F = Levels seen in this place.
 G = Mean time per level.
                   A        B        C        D        E       F      G
               +--------+--------+--------+--------+--------+-----+--------+
         Total |   1306 |   1306 |      0 |    560 |    172 |   1 | 1306.0 |
       Dungeon |   1306 |   1306 |      0 |    560 |    172 |   1 | 1306.0 |
               +--------+--------+--------+--------+--------+-----+--------+

Top non-repeatable levels by time:
       D: 1306 daAuts
